 Dungeon Crawl Stone Soup version 0.31.0-4-g52a2dc7128 (webtiles) character file.

Game seed: 8020316840849071162

129 juan097 the Trooper (level 5, 0/47 HPs)
             Began as a Hill Orc Fighter on Jan 22, 2024.
             Slain by Pikel
             ... wielding a +1 whip of flaming
              (3 damage)
             ... on level 4 of the Dungeon.
             The game lasted 00:04:42 (2334 turns).

juan097 the Trooper (Hill Orc Fighter)              Turns: 2334, Time: 00:04:43

Health: 0/47       AC: 15    Str: 21    XL:     5   Next: 12%
Magic:  5/5        EV:  7    Int:  8    God:
Gold:   159        SH:  4    Dex: 10    Spells: 4/4 levels left

rFire   . . .        a - +0 war axe
rCold   . . .        c - +0 buckler
rNeg    . . .        q - +4 chain mail
rPois   .            (no helmet)
rElec   .            (no cloak)
rCorr   .            (no gloves)
SInv    .            e - +1 pair of boots
Will    .....        (no amulet) Stlth
                     (no ring)
HPRegen 0.27/turn    (no ring)
MPRegen 0.09/turn

%: no passive effects
@: no status effects
A: no striking features
a: no special abilities


You were on level 4 of the Dungeon.
You visited 1 branch of the dungeon, and saw 4 of its levels.

You collected 159 gold pieces.

Inventory:

Hand Weapons
 a - a +0 war axe (weapon)
 b - a +0 sling
Missiles
 o - 2 javelins (quivered)
Armour
 c - a +0 buckler (worn)
 e - a +1 pair of boots (worn)
 q - a +4 chain mail (worn)
Scrolls
 f - a scroll of immolation {unknown}
 i - a scroll of enchant weapon {unknown}
 l - 4 scrolls of teleportation {unknown}
 m - a scroll of torment {unknown}
 n - a scroll of silence {unknown}
Potions
 d - a potion of might
 j - a potion of attraction {unknown}
 k - 2 potions of lignification {unknown}
 p - 2 potions of curing {unknown}


   Skills:
 + Level 4.6 Fighting
 + Level 4.1 Axes
 - Level 3.2 Armour
 - Level 1.7 Stealth
 + Level 4.2 Shields


You had 4 spell levels left.
You didn't know any spells.
Your spell library contained the following spells:

 Spells                   Type           Power      Damage    Failure   Level
 Lesser Beckoning         Tloc           0%         N/A       99%         2
 Gell's Gravitas          Tloc           0%         N/A       100%        3
 Teleport Other           Tloc           0%         N/A       100%        3


Dungeon Overview and Level Annotations

Branches:
Dungeon (4/15)
 Temple: D:4-7

Altars:
Elyvilon
Kikubaaqudgha
Nemelex Xobeh
Qazlal
Xom

Annotations:
D:4 Pikel


Message History

Pikel is heavily wounded.
Pikel cracks his whip.
Pikel hits you but does no damage.
You hit Pikel but do no damage.
Pikel is heavily wounded.
You block Pikel's attack. Pikel hits you but does no damage.
You hit Pikel but do no damage.
Pikel is heavily wounded.
Pikel closely misses you.
You closely miss Pikel.
Pikel is heavily wounded.
Pikel closely misses you.
Pikel hits you with a +1 whip of flaming!
Pikel burns you.
You slash Pikel!
Pikel is severely wounded.
Pikel hits you but does no damage.
You hit Pikel.
Pikel is almost dead.
Pikel hits you but does no damage.
You hit Pikel.
Pikel is almost dead.
Pikel hits you but does no damage. Pikel closely misses you.
You barely miss Pikel.
Pikel is almost dead.
Pikel hits you with a +1 whip of flaming.
* * * LOW HITPOINT WARNING * * *
Pikel burns you.
* * * LOW HITPOINT WARNING * * *
Unknown command.
You miss Pikel.
Pikel is almost dead.
Pikel hits you but does no damage.
You closely miss Pikel.
Pikel is almost dead.
Pikel hits you with a +1 whip of flaming!
* * * LOW HITPOINT WARNING * * *
Pikel burns you.
You die...
Pikel says, "See you in Hell!"

#..........####
......(.......#
..............#
#.............##
###............#
##.............#
#..###........##
..##
####.....####
.## ######..@#
.### ####K555S..
...# ###W...
..## #. ### # #


You could see Pikel, 3 lemures, a phantom and a ball python.

Vanquished Creatures
  An iguana (D:3)
  An orc wizard (D:2)
  An adder (D:3)
  A dart slug (D:2)
  2 ribbon worms (D:3)
  4 orcs (D:3)
  6 ball pythons
  8 bats
  5 endoplasms
  A giant cockroach (D:3)
  A goblin (D:4)
  6 hobgoblins
  2 jackals (D:3)
  2 kobolds (D:3)
  7 quokkas
  3 frilled lizards
  3 rats (D:1)
54 creatures vanquished.

Notes
Turn   | Place    | Note
-------+----------+-------------------------------------------
     0 | D:1      | juan097 the Hill Orc Fighter began the quest for the Orb.
     0 | D:1      | Reached XP level 1. HP: 19/19 MP: 1/1
   105 | D:1      | Reached XP level 2. HP: 27/27 MP: 2/2
   425 | D:1      | Reached XP level 3. HP: 33/33 MP: 3/3
   525 | D:1      | Reached skill level 1 in Stealth
  1168 | D:2      | Reached XP level 4. HP: 40/40 MP: 4/4
  1194 | D:3      | Found an ancient bone altar of Kikubaaqudgha.
  1209 | D:3      | Found a sparkling altar of Nemelex Xobeh.
  1733 | D:3      | Found a white marble altar of Elyvilon.
  1922 | D:3      | Identified the +3 leather armour "Qulow" {rElec rC++ Slay-4
                  | Stlth+}
  1924 | D:3      | Found a stormy altar of Qazlal.
  1925 | D:3      | Found a shimmering altar of Xom.
  2020 | D:3      | Reached XP level 5. HP: 47/47 MP: 5/5
  2303 | D:4      | Noticed a lemure
  2305 | D:4      | Noticed a lemure
  2305 | D:4      | Noticed a lemure
  2305 | D:4      | Noticed a lemure
  2306 | D:4      | Noticed Pikel
  2310 | D:4      | Noticed a phantom
  2334 | D:4      | Slain by Pikel

Illustrated notes

Levels and vault maps discovered:
D:1:      lightli_arrival_windingriver, layout_basic
D:2:      layout_basic
D:3:      minmay_bubble_buster, layout_basic, nicolae_overflow_hidden_temple,
          nicolae_overflow_crystal_walls, elyvilon_altar_3,
          mainiacjoe_overflow_surrounded_room, serial_co_window_serial,
          co_window_paths_b, co_window_corner_a, co_window_corner_a,
          co_window_paths_b, co_window_corner_a, co_window_paths_a,
          co_window_corner_b, co_window_corner_b, co_window_paths_c,
          co_window_paths_d, glass_columns_a, kennysheep_another_room
D:4:      layout_cave_pods, minmay_manual_monstrance, uniq_pikel

Skill      XL: |  1  2  3  4 |
---------------+-------------+-----
Axes           | 3 4 |  4.1
Fighting       | 4 |  4.6
Stealth        | 1 |  1.7
Shields        | 4 |  4.2
Armour         | |  3.2

Action                     |  1- 3 |  4- 6 || total
---------------------------+-------+-------++-------
  Melee: War axe           |    55 |   103 ||   158
   Fire: Sling             |     9 |       ||     9
 Armour: Scale mail        |    33 |    35 ||    68
         Chain mail        |       |    33 ||    33
  Dodge: Dodged            |    23 |    39 ||    62
  Block: Buckler           |    19 |    26 ||    45
